AoeStats
← Kuttings

QS Arena

503133807Analyzed
1v1 RM · 1mo ago on Aug 30, 2026· 58m 0s· 2 players
Game mode
Random Map
Map size
Tiny (2 player)
Population
200
Speed
Normal
Resources
Standard
Victory
Conquest
Starting age
Dark Age
Ending age
Imperial Age
RankedLock teamsTeams togetherTeam positionsShared explorationLock speedFull tech treeHidden civsTurbo modeCheats
Victory
Defeat
🇵🇰 Byzantines · Pakistan
1002
+14
🇮🇳 Georgians · India
963
-14
Kuttings
8:24 Feudal Age
12:07 Castle Age
12:26 Loom
14:45 Double-Bit Axe
20:34 Town Watch
21:34 Wheelbarrow
22:05 Bow Saw
21:48 Gold Mining
21:45 Horse Collar
24:20 Stone Mining
27:46 Hand Cart
30:12 Imperial Age
28:45 Scale Barding Armor
28:50 Forging
29:14 Svan Towers
29:08 Guard Tower
29:20 Town Watch
29:50 Heavy Plow
29:14 Light Cavalry
30:04 Bloodlines
29:55 Husbandry
31:56 Crop Rotation
31:55 Conscription
32:46 Hoardings
32:24 Masonry
31:57 Treadmill Crane
33:20 Iron Casting
33:06 Chain Barding Armor
32:58 Hussar
34:23 Plate Barding Armor
35:04 Elite Monaspa
37:03 Blast Furnace
35:44 Elite Monaspa
36:20 Fletching
38:52 Architecture
39:23 Chemistry
38:29 Siege Engineers
39:00 Keep
38:28 Cavalier
40:29 Bodkin Arrow
41:34 Bracer
44:00 Man-at-Arms
45:01 Scale Mail Armor
44:36 Long Swordsman
47:41 Chain Mail Armor
47:23 Two-Handed Swordsman
48:29 Champion
53:29 Murder Holes
Black_Zer0
2:43 Loom
8:38 Feudal Age
12:54 Castle Age
10:46 Double-Bit Axe
11:45 Stone Mining
12:55 Loom
15:52 Horse Collar
19:25 Wheelbarrow
20:31 Gold Mining
22:26 Bow Saw
24:01 Hand Cart
24:25 Pikeman
29:44 Imperial Age
28:13 Scale Mail Armor
28:22 Devotion
28:32 Fletching
28:32 Arson
29:05 Squires
29:37 Padded Archer Armor
30:04 Thumb Ring
30:16 Halberdier
31:13 Forging
30:28 Elite Skirmisher
31:50 Conscription
32:06 Chain Mail Armor
32:45 Redemption
32:50 Bodkin Arrow
33:46 Plate Mail Armor
34:56 Iron Casting
34:22 Bracer
36:25 Chemistry
35:44 Leather Archer Armor
36:15 Ballistics
36:41 Logistica
37:24 Murder Holes
38:46 Bombard Tower
39:01 Ring Archer Armor
39:07 Greek Fire
41:13 Elite Cataphract
44:42 Scale Barding Armor
49:32 Chain Barding Armor
Connection lost

Rejoining the realm…

Still unreachable

The connection could not be restored.

Session expired

The server has moved on; the page needs a fresh start.